AoeStats
← Mknolix

Black Forest

510084349Analyzed
4v4 RM · 4d ago on Sep 29, 2026· 48m 57s· 8 players
Game mode
Random Map
Map size
Large (8 player)
Population
200
Speed
Normal
Resources
Standard
Victory
Conquest
Starting age
Dark Age
Ending age
Imperial Age
RankedLock teamsTeams togetherTeam positionsShared explorationLock speedFull tech treeHidden civsTurbo modeCheats
Victory
Defeat
🇺🇸 Turks · United States
1198
+14
🇸🇪 Malay · Sweden
1197
+14
🇲🇦 Malay · Morocco
1153
+16
🇨🇳 Persians · China
1147
+16
🇧🇷 Saracens · Brazil
1186
-16
🇦🇺 Dravidians · Australia
1173
-16
🇹🇼 Danes · Taiwan
1124
-14
🇦🇷 Berbers · Argentina
1122
-14
jordham22
11:32 Feudal Age
13:52 Loom
14:43 Wheelbarrow
17:02 Castle Age
26:59 Double-Bit Axe
34:47 Bow Saw
35:23 Stone Mining
35:23 Gold Mining
36:03 Fishing Lines
37:23 Gold Mining
37:38 Horse Collar
38:01 Gillnets
45:41 Heavy Plow
49:02 Gold Shaft Mining
51:24 Imperial Age
49:13 Hand Cart
48:44 Town Watch
48:52 Fletching
DeepBlue_
1:01 Loom
8:54 Feudal Age
12:07 Fletching
22:07 Castle Age
20:18 Double-Bit Axe
20:18 Horse Collar
22:49 Wheelbarrow
22:25 Bow Saw
26:25 Gold Mining
26:55 Fishing Lines
28:31 Hand Cart
28:05 Town Watch
29:52 Gillnets
34:36 Imperial Age
33:24 Gold Shaft Mining
33:50 Elite Battle Elephant
34:45 Scale Barding Armor
34:50 Forging
35:27 Conscription
35:33 Heavy Plow
35:28 Stone Mining
37:20 Iron Casting
37:54 Crop Rotation
38:00 Stone Shaft Mining
37:47 Town Patrol
38:55 Husbandry
40:08 Blast Furnace
40:12 Thalassocracy
40:08 Onager
42:52 Elite Karambit Warrior
43:43 Bodkin Arrow
44:45 Squires
47:14 Bracer
48:00 Siege Engineers
47:36 Treadmill Crane
49:18 Chemistry
The Outpost Man
1:32 Loom
13:38 Feudal Age
15:29 Double-Bit Axe
19:20 Castle Age
17:27 Fishing Lines
21:52 Stone Mining
21:53 Gold Mining
22:40 Wheelbarrow
27:28 Gillnets
28:04 Bow Saw
28:56 Forging
30:57 Hand Cart
37:26 Imperial Age
35:35 Iron Casting
35:05 Scale Barding Armor
35:03 Husbandry
36:15 Elite Battle Elephant
39:13 Blast Furnace
40:21 Light Cavalry
41:23 Caravan
43:05 Thumb Ring
42:21 Elite Skirmisher
42:52 Fletching
43:03 Padded Archer Armor
44:07 Chemistry
43:37 Ballistics
43:02 Crossbowman
43:38 Bodkin Arrow
44:53 Bracer
45:08 Leather Archer Armor
44:52 Arbalester
48:08 Ring Archer Armor
5720638
1:54 Loom
12:16 Feudal Age
17:15 Castle Age
15:32 Double-Bit Axe
16:19 Fishing Lines
18:30 Gillnets
19:41 Fervor
23:22 Wheelbarrow
22:35 Town Watch
23:38 Gold Mining
23:40 Stone Mining
28:39 Imperial Age
29:01 Cavalier
29:41 Husbandry
29:52 Bloodlines
29:03 Light Cavalry
29:05 Heavy Camel Rider
31:24 Scale Barding Armor
31:31 Forging
30:43 Savar
32:05 Conscription
31:56 Citadels
31:47 Kamandaran
33:52 Chain Barding Armor
34:08 Iron Casting
34:40 Hoardings
33:36 Sappers
35:13 Fletching
36:05 Herbal Medicine
35:56 Elite Skirmisher
36:42 Thumb Ring
35:58 Crossbowman
36:28 Sappers
37:03 Bodkin Arrow
37:12 Capped Ram
39:26 Chemistry
38:47 Ballistics
38:46 Hussar
41:13 Blast Furnace
40:50 Plate Barding Armor
41:46 Hand Cart
41:32 Town Patrol
43:03 Padded Archer Armor
43:18 Bow Saw
42:49 Horse Collar
44:18 Leather Archer Armor
小佑
10:12 Feudal Age
11:07 Double-Bit Axe
13:28 Loom
16:35 Wheelbarrow
15:55 Fishing Lines
21:58 Castle Age
20:15 Stone Mining
22:29 Gillnets
24:30 Bow Saw
24:53 Masonry
28:57 Imperial Age
27:36 Murder Holes
27:53 Gold Mining
29:20 Guard Tower
30:17 Gold Shaft Mining
30:19 Stone Shaft Mining
30:13 Conscription
30:01 Town Watch
31:06 Hand Cart
31:38 Caravan
32:32 Coinage
34:30 Ballistics
35:10 Chemistry
34:48 Keep
35:02 Banking
35:33 Arrowslits
35:59 Siege Engineers
36:33 Northmen's Fury
36:47 Onager
38:03 Siege Onager
41:00 Hoardings
grain8720
9:45 Feudal Age
10:45 Double-Bit Axe
16:37 Fletching
17:25 Horse Collar
19:49 Padded Archer Armor
25:02 Loom
27:33 Castle Age
31:40 Imperial Age
30:17 Wheelbarrow
29:29 Crossbowman
30:14 Thumb Ring
30:26 Bodkin Arrow
30:56 Leather Archer Armor
31:42 Thumb Ring
31:42 Stone Mining
33:08 Bow Saw
34:49 Bracer
36:01 Conscription
37:41 Arbalester
39:50 Ballistics
40:30 Chemistry
39:34 Scale Mail Armor
39:44 Forging
39:43 Scale Barding Armor
39:35 Elite Mameluke
40:17 Husbandry
40:27 Bloodlines
Mknolix
0:31 Loom
Keanoob Reeves
10:18 Loom
12:28 Feudal Age
17:56 Castle Age
17:39 Double-Bit Axe
17:36 Horse Collar
19:48 Bow Saw
22:15 Heavy Plow
26:34 Wheelbarrow
27:33 Stone Mining
27:35 Gold Mining
33:00 Imperial Age
30:47 Hand Cart
30:01 Pikeman
30:26 Gambesons
30:41 Squires
30:26 Arson
31:06 Scale Mail Armor
31:16 Forging
32:05 Chain Mail Armor
32:24 Thumb Ring
32:52 Ballistics
33:46 Fletching
33:56 Padded Archer Armor
35:01 Chemistry
34:01 Halberdier
35:32 Plate Mail Armor
35:37 Iron Casting
36:18 Wootz Steel
36:42 Bodkin Arrow
37:02 Leather Archer Armor
37:54 Coinage
39:28 Blast Furnace
38:28 Bracer
41:37 Two-Man Saw
40:59 Elite Elephant Archer
43:46 Ring Archer Armor
45:31 Man-at-Arms
47:01 Elite Elephant Archer
47:01 Elite Skirmisher
Connection lost

Rejoining the realm…

Still unreachable

The connection could not be restored.

Session expired

The server has moved on; the page needs a fresh start.